 Dungeon Crawl Stone Soup version 0.30-a0-341-g682706514a (webtiles) character file.

Game seed: 7852943286764222476

9955 Conn the Thaumaturge (level 11, -7/65 HPs)
             Began as an Octopode Fire Elementalist on Nov 5, 2022.
             Was an Elder of Sif Muna.
             Killed by an exploding themself (48 damage)
             ... ignited by their inner flame
             ... in a Gauntlet.
             The game lasted 00:56:29 (10079 turns).

Conn the Thaumaturge (Octopode Fire Elementalist)  Turns: 10079, Time: 00:56:47

Health: -7/65      AC:  1    Str:  9    XL:     11   Next: 54%
Magic:  12/33      EV: 14    Int: 21    God:    Sif Muna [****..]
Gold:   1340       SH:  5    Dex: 12    Spells: 3/28 levels left

rFire   . . .      SeeInvis .    p - +3 dagger of the Moth {freeze, Stlth+}
rCold   . . .      Faith    .    (no shield)
rNeg    . . .      Spirit   .    (helmet restricted)
rPois   .          Reflect  +    r - amulet of reflection
rElec   .          Harm     .    x - ring of resist corrosion
rCorr   +          Rampage  .    z - +4 ring of slaying
Will    .....      NoTele   +    n - ring of magical power
Stlth   +++++.....               (no ring)
HPRegen 0.30/turn                (no ring)
MPRegen 0.23/turn                (no ring)
                                 (no ring)
                                 (no ring)

@: very slightly contaminated, studying Fighting
A: almost no armour, amphibious, 8 rings, camouflage 1, gelatinous body 1,
(nimble swimmer 1), tentacles
a: Renounce Religion, Channel Magic, Forget Spell, Divine Exegesis


You were in a Gauntlet.
You worshipped Sif Muna.
Sif Muna was greatly pleased with you.
You visited 1 branch of the dungeon, and saw 11 of its levels.
You also visited: Sewer, Bailey and Gauntlet.

You collected 1526 gold pieces.
You spent 186 gold pieces at shops.

Inventory:

Hand Weapons
 a - the +8 mace of Nirraerph {flame, *Slow rF++ rC+}
   (You found it on level 4 of the Dungeon)

   It burns those it strikes, dealing additional fire damage.
   rF:        It greatly protects you from fire.
   rC:        It protects you from cold.
   *Slow:     It may slow you when you take damage.
 o - the +7 flail "String" {vorpal, rC+}
   (You found it on level 4 of the Dungeon)

   It inflicts extra damage upon your enemies.
   rC:        It protects you from cold.
 p - the +3 dagger of the Moth (weapon) {freeze, Stlth+}
   (You found it on level 4 of the Dungeon)

   It freezes those it strikes, dealing additional cold damage.
   It can also slow down cold-blooded creatures.
   Stlth:     It makes you more stealthy.
Missiles
 y - 2 throwing nets
Magical Staves
 b - a staff of fire
 v - a staff of earth
Jewellery
 f - an amulet of magic regeneration
 n - a ring of magical power (on tentacle)
 r - an amulet of reflection (around mantle)
 x - a ring of resist corrosion (left tentacle)
 z - a +4 ring of slaying (right tentacle)
Wands
 c - a wand of mindburst (17)
Scrolls
 d - 2 scrolls of enchant armour
 e - a scroll of amnesia
 g - 10 scrolls of immolation
 i - 3 scrolls of magic mapping
 m - a scroll of brand weapon
 s - 2 scrolls of fear
 t - a scroll of blinking
 B - a scroll of teleportation
Potions
 h - 3 potions of curing
 j - 7 potions of flight
 k - 3 potions of attraction
 l - 4 potions of heal wounds
 q - 2 potions of magic
 u - a potion of brilliance
 C - a potion of degeneration {unknown}
 D - 2 potions of lignification
 E - a potion of ambrosia


   Skills:
 + Level 2.3 Fighting
 + Level 0.7 Short Blades
 + Level 1.7(1.8) Maces & Flails
 + Level 0.6(1.2) Staves
 + Level 3.6 Dodging
 + Level 6.3 Stealth
 + Level 1.4 Shields
 + Level 9.1 Spellcasting
 * Level 8.1 Conjurations
 + Level 1.8 Hexes
 + Level 2.8 Summonings
 + Level 3.9 Translocations
 + Level 8.5 Fire Magic
 + Level 4.1 Air Magic
 + Level 3.5 Poison Magic


You had 3 spell levels left.
You knew the following spells:

 Your Spells              Type           Power      Damage    Failure   Level
a - Foxfire               Conj/Fire      100%       2x1d9     1%          1
b - Kindle Blastsparks    Fire/Tloc/Air  64%        2d15      2%          3
c - Inner Flame           Hex/Fire       31%        N/A       2%          3
d - Flame Wave            Conj/Fire      44%        2d11      2%          4
e - Scorch                Fire           90%        2d10      1%          2
f - Summon Small Mammal   Summ           84%        N/A       2%          1
g - Mephitic Cloud        Conj/Pois/Air  31%        N/A       2%          3
h - Ignite Poison         Fire/Tmut/Pois 26%        N/A       4%          3
i - Summon Guardian Gole  Hex/Summ       19%        N/A       9%          3
j - Blink                 Tloc           52%        N/A       1%          2

Your spell library contained the following spells:

 Spells                   Type           Power      Damage    Failure   Level
 Shock                    Conj/Air       100%       1d9       1%          1
 Momentum Strike          Conj/Tloc      68%        3d9       1%          2
 Static Discharge         Conj/Air       70%        2-5/arc   1%          2
 Poisonous Vapours        Pois/Air       50%        N/A       2%          2
 Cigotuvi's Dreadful Rot  Necr/Pois/Air  40%        N/A       3%          2
 Lesser Beckoning         Tloc           52%        N/A       4%          3
 Swiftness                Air            26%        N/A       4%          3
 Vhi's Electric Charge    Tloc/Air       52%        N/A       4%          3
 Beastly Appendage        Tmut           18%        N/A       7%          1
 Call Canine Familiar     Summ           21%        N/A       7%          3
 Sublimation of Blood     Necr           9%         N/A       11%         2
 Wereblood                Tmut           9%         N/A       11%         2
 Spider Form              Tmut/Pois      16%        N/A       11%         3
 Fireball                 Conj/Fire      22%        3d10      6%          5
 Airstrike                Air            13%        2d(2-18)  13%         4
 Arcjolt                  Conj/Air       17%        1d27      16%         5
 Lightning Bolt           Conj/Air       17%        1d32      16%         5
 Starburst                Conj/Fire      22%        6d7       34%         6
 Freezing Cloud           Conj/Ice/Air   13%        6-21      36%         5
 Irradiate                Conj/Tmut      13%        3d16      36%         5
 Petrify                  Tmut/Erth      9%         N/A       56%         4


Dungeon Overview and Level Annotations

Branches:
Dungeon (12/15)            Temple (0/1) D:6           Sewer (visited)
 Bailey (visited)         Gauntlet (1/1)
   Lair: D:8-11         Orc: D:9-12

Altars:
Cheibriados
Elyvilon
Hepliaklqana
Sif Muna
Trog
Uskayaw
Wu Jian

Shops:
D:5 ?   D:9 [

Annotations:
Gauntlet 8 transporters, 1 runed translucent door, exclusions: lightning spire and obsidian statue


Innate Abilities, Weirdness & Mutations

You cannot wear most types of armour.
You are amphibious.
You can wear up to eight rings at the same time.
Your skin changes colour to match your surroundings (Stealth+).
Your rubbery body absorbs attacks. (AC +1, EV +1)
((You are camouflaged when in or above water. (Stealth+)))
You have tentacles for arms and can constrict up to eight enemies at once.


Message History

Casting: Blink (safe; 1% risk of failure)
Confirm with . or Enter, or press ? or * to list all spells.
A guardian golem appears, shielding your allies.
Casting: Summon Guardian Golem (dangerous; 9% risk of failure)
Confirm with . or Enter, or press ? or * to list all spells.
Aiming: Inner Flame (dangerous; 2% risk of failure)
Press: ? - help, Dir - move target, f/p - minotaur
Aim: a minotaur, wearing a +0 plate armour and quivering javelins (confused, chance to affect: 21%)
The minotaur resists with almost no effort.
You feel stable enough to blink again. The minotaur hits your guardian golem!
The minotaur gores your guardian golem but does no damage.
Casting: Inner Flame (dangerous; 2% risk of failure)
Confirm with . or Enter, or press ? or * to list all spells.
Aiming: Inner Flame (dangerous; 2% risk of failure)
Press: ? - help, Dir - move target, f/p - minotaur
Aim: a minotaur, wearing a +0 plate armour and quivering javelins (confused, ally target, chance to affect: 21%)
The minotaur resists with almost no effort.
Casting: Inner Flame (dangerous; 2% risk of failure)
Confirm with . or Enter, or press ? or * to list all spells.
Aiming: Inner Flame (dangerous; 2% risk of failure)
Press: ? - help, Dir - move target, f/p - minotaur
Aim: a minotaur, wearing a +0 plate armour and quivering javelins (confused, ally target, chance to affect: 21%)
The minotaur resists with almost no effort.
The minotaur hits your guardian golem! The minotaur gores your guardian golem!
Casting: Inner Flame (dangerous; 2% risk of failure)
Confirm with . or Enter, or press ? or * to list all spells.
Aiming: Inner Flame (dangerous; 2% risk of failure)
Press: ? - help, Dir - move target, f/p - minotaur
Aim: a minotaur, wearing a +0 plate armour and quivering javelins (confused, ally target, chance to affect: 21%)
The minotaur resists with almost no effort.
The minotaur seems less confused.
Your guardian golem overheats!
The minotaur hits your guardian golem. Flame seeps out of your guardian golem.
The minotaur gores your guardian golem!
Your guardian golem disappears in a puff of smoke!
Your guardian golem explodes!
The fiery explosion engulfs you!!!
Ouch! That really hurt!
You die...

.....♣.≈##
####...≈≈#####
#.?#...≈##...#
#.##.P.###.♣.##########
§###.♣..##...#........#
#.©#.....#.♣.#.#.####...
#.##..P♣.#...#.#....####
.###...P.#.©.#.####....#
#=$#.....#...#.#@#####.#
####.....#.©.#.#○#⌠.⌠#.#
......∩..#.....#H..∩.#.#
####.....#.©.#.#.#⌠ #.#
...#.....#...#.#.#####.#
..##.....#.©.#.#.##....#
.###..P♣.#...#.#....####
##©#.PP..#.♣.########
..)#.♣..##†..#


You could see a minotaur.

Vanquished Creatures
  An orc high priest (Bailey)
  2 orc knights (Bailey)
  An orc sorcerer (Bailey)
  Joseph (D:8)
  Maggie (D:8)
  An ice devil (Gauntlet)
  A troll (D:9)
  Prince Ribbit (D:8)
  A spectral black mamba (Gauntlet)
  A yak (D:4)
  2 steam dragons (D:6)
  A hell hound (Gauntlet)
  A water moccasin (D:7)
  3 ice beasts
  11 orc warriors
  2 sky beasts
  2 ogres
  5 centaurs
  A phantom (D:6)
  2 kobold brigands
  A gnoll sergeant (D:8)
  4 bullfrogs
  A necrophage (D:5)
  3 scorpions
  13 wights
  13 killer bees
  5 howler monkeys
  5 electric eels (Bailey)
  3 jellies (D:6)
  3 hounds
  2 orc priests (D:4)
  2 gnoll boudas
  6 iguanas
  6 orc wizards
  33 gnolls
  A river rat (Sewer)
  6 adders
  A shadow imp (D:5)
  3 white imps (Gauntlet)
  An ufetubus (D:4)
  3 worms
  2 dart slugs
  32 orcs
  10 ball pythons
  7 endoplasms
  3 giant cockroaches
  19 goblins
  12 hobgoblins
  A jackal (Sewer)
  13 kobolds
  2 quokkas
  6 bats
  3 frilled lizards
  14 rats
280 creatures vanquished.

Vanquished Creatures (collateral kills)
  A death scarab (Gauntlet)
1 creature vanquished.

Vanquished Creatures (others)
  881 foxfires
  A plant (Gauntlet)
882 creatures vanquished.

Grand Total: 1163 creatures vanquished

Notes
Turn   | Place    | Note
-------+----------+-------------------------------------------
     0 | D:1      | Conn the Octopode Fire Elementalist began the quest for the
                  | Orb.
     0 | D:1      | Reached XP level 1. HP: 11/11 MP: 3/3
   168 | D:1      | Reached XP level 2. HP: 9/17 MP: 5/5
   731 | D:1      | Reached XP level 3. HP: 21/21 MP: 3/6
  1076 | D:2      | Reached XP level 4. HP: 25/27 MP: 2/7
  1320 | D:2      | Found a snail-covered altar of Cheibriados.
  1611 | D:2      | Learned a level 2 spell: Scorch
  1615 | D:2      | Learned a level 3 spell: Inner Flame
  1618 | D:3      | Found a bloodstained altar of Trog.
  1751 | D:3      | Found a glowing drain.
  1759 | D:3      | Reached XP level 5. HP: 31/31 MP: 8/8
  1763 | Sewer    | Entered a sewer
  1824 | Sewer    | Noticed a kobold brigand
  1833 | Sewer    | Killed a kobold brigand
  1834 | Sewer    | Reached skill level 3 in Spellcasting
  1861 | Sewer    | Found a white marble altar of Elyvilon.
  1929 | D:3      | Identified the +2 pair of boots "Zoofacs" {Drain rC++
                  | Regen+ Str-5}
  2086 | D:3      | Found a shimmering blue altar of Sif Muna.
  2092 | D:3      | Reached XP level 6. HP: 36/36 MP: 6/10
  2100 | D:3      | Became a worshipper of Sif Muna the Loreminder
  2321 | D:4      | Identified the +7 flail "String" {vorpal, rC+}
  2336 | D:4      | Noticed a sky beast
  2339 | D:4      | Noticed a yak
  2365 | D:4      | Killed a sky beast
  2366 | D:4      | Reached skill level 5 in Stealth
  2374 | D:4      | Killed a yak
  2375 | D:4      | Reached skill level 5 in Fire Magic
  2375 | D:4      | Reached XP level 7. HP: 4/42 MP: 6/12
  2409 | D:4      | Reached skill level 4 in Spellcasting
  2540 | D:4      | Reached skill level 1 in Fighting
  2586 | D:4      | Learned a level 3 spell: Kindle Blastsparks
  2591 | D:4      | Learned a level 4 spell: Flame Wave
  2593 | D:4      | Learned a level 1 spell: Summon Small Mammal
  2601 | D:4      | Found a hazy altar of Hepliaklqana.
  2622 | D:4      | Identified the +3 dagger of the Moth {freeze, Stlth+}
  2660 | D:4      | Reached skill level 1 in Air Magic
  2673 | D:4      | Reached skill level 1 in Translocations
  2755 | D:4      | Reached * piety under Sif Muna
  2845 | D:4      | Found a hide-covered altar of Uskayaw.
  3005 | D:4      | Identified the +8 mace of Nirraerph {flame, *Slow rF++ rC+}
  3252 | D:5      | Entered Level 5 of the Dungeon
  3278 | D:5      | Reached XP level 8. HP: 50/50 MP: 9/14
  3292 | D:5      | Found Doafo's Magic Scroll Emporium.
  3324 | D:5      | Bought a scroll of fear for 48 gold pieces
  3324 | D:5      | Bought a scroll of blinking for 90 gold pieces
  3324 | D:5      | Bought a scroll of fear for 48 gold pieces
  3637 | D:5      | Reached skill level 1 in Maces & Flails
  3862 | D:5      | Reached skill level 5 in Spellcasting
  4263 | D:6      | Reached XP level 9. HP: 43/54 MP: 6/17
  4318 | D:6      | Reached ** piety under Sif Muna
  4480 | D:6      | Found a staircase to the Ecumenical Temple.
  4515 | D:6      | Reached skill level 1 in Shields
  5108 | D:6      | Reached skill level 6 in Spellcasting
  5139 | D:6      | Learned a level 3 spell: Mephitic Cloud
  5143 | D:6      | Learned a level 3 spell: Ignite Poison
  5326 | D:7      | Reached skill level 1 in Poison Magic
  5421 | D:7      | Reached skill level 5 in Conjurations
  5514 | D:7      | Reached XP level 10. HP: 60/60 MP: 6/20
  5536 | D:7      | Reached skill level 7 in Spellcasting
  5536 | D:7      | Reached *** piety under Sif Muna
  5537 | D:7      | Reached skill level 1 in Summonings
  5554 | D:7      | Found a flagged portal.
  5587 | Bailey   | Entered a bailey
  5841 | Bailey   | Noticed an orc knight
  6024 | Bailey   | Killed an orc knight
  6111 | Bailey   | Noticed an orc high priest
  6184 | Bailey   | Noticed an orc sorcerer
  6193 | Bailey   | Killed an orc sorcerer
  6396 | Bailey   | Noticed a sixfirhy
  6595 | Bailey   | Learned a level 3 spell: Summon Guardian Golem
  6601 | Bailey   | Acquired 782 gold pieces
  6624 | Bailey   | Killed an orc high priest
  6643 | Bailey   | Found an iron altar of Okawaru.
  6763 | Bailey   | Reached skill level 8 in Spellcasting
  6880 | Bailey   | Noticed an orc knight
  6887 | Bailey   | Killed an orc knight
  6888 | Bailey   | Reached skill level 1 in Hexes
  7231 | Bailey   | Reached XP level 11. HP: 64/64 MP: 16/23
  7282 | Bailey   | Identified the +5 ring mail of Shadows and Fog {Rampage
                  | Will+ rCorr MP-9}
  7340 | D:7      | Learned a level 2 spell: Blink
  7584 | D:8      | Noticed Joseph
  7594 | D:8      | Killed Joseph
  7652 | D:8      | Noticed Maggie
  7664 | D:8      | Killed Maggie
  7686 | D:8      | Found an ornate altar of the Wu Jian Council.
  7687 | D:8      | Noticed Prince Ribbit
  7693 | D:8      | Reached **** piety under Sif Muna
  7910 | D:8      | Killed Prince Ribbit
  8176 | D:8      | Identified the +1 leather armour "Kaliorph" {Str+3}
  8973 | D:9      | Found Ighops's Antique Armour Emporium.
  8990 | D:9      | Found a white marble altar of Elyvilon.
  8994 | D:9      | You fall into a shaft and drop 3 floors!
  9091 | D:11     | Found a gate leading to a gauntlet.
  9101 | Gauntlet | Entered a Gauntlet
  9101 | Gauntlet | Found a transporter.
  9106 | Gauntlet | Found a transporter.
  9106 | Gauntlet | Found a transporter.
  9110 | Gauntlet | Found a runed translucent door.
  9110 | Gauntlet | Found a runed translucent door.
  9110 | Gauntlet | Noticed a death scarab
  9115 | Gauntlet | Found a transporter.
  9118 | Gauntlet | Found a transporter.
  9123 | Gauntlet | Noticed an obsidian statue
  9129 | Gauntlet | Found a transporter.
  9141 | Gauntlet | Found a runed translucent door.
  9148 | Gauntlet | Noticed a balrug
  9149 | Gauntlet | Found a transporter.
  9160 | Gauntlet | Found a transporter.
  9161 | Gauntlet | Noticed a glowing orange brain
  9170 | Gauntlet | Noticed a glowing orange brain
  9171 | Gauntlet | Found a transporter.
  9190 | Gauntlet | Found a transporter.
  9204 | Gauntlet | Found a transporter.
  9206 | Gauntlet | Found a transporter.
  9253 | Gauntlet | Noticed a green ugly thing
  9276 | Gauntlet | Found a transporter.
  9279 | Gauntlet | Found a transporter.
  9748 | Gauntlet | Reached skill level 9 in Spellcasting
  9758 | Gauntlet | Killed a death scarab
 10070 | Gauntlet | Noticed a minotaur
 10079 | Gauntlet | Killed by an exploding themself... ignited by their inner
                  | flame

Illustrated notes

Levels and vault maps discovered:
D:1:      elethiomel_arrival_diamonds, layout_basic
D:2:      layout_rooms, basic_altar
D:3:      layout_basic, lemuel_round_altar, led_sif_pool,
          cheibrodos_sewer_entry_drain
D:4:      cheibrodos_pilgrimage, layout_rooms, jmf_multi_god_temple,
          serial_curves, eino_curves_02, eino_curves_01, eino_curves_02,
          eino_curves_02, minmay_manual_mail
D:5:      layout_basic, serial_shops, nicolae_shop_crystal
D:6:      layout_basic, minmay_temple_entry_hall
D:7:      layout_basic, enter_bailey_6
D:8:      layout_rooms, nicolae_wu_jian_wuxing_cycle, uniq_joseph, uniq_maggie,
          uniq_prince_ribbit1
D:9:      layout_rooms, mainiacjoe_overflow_concentric_impassable,
          hiddenorc1_lemuel, serial_shops, shop, evilmike_butchery
D:11:     minmay_the_grid_triangle_9x9_rhombus_full
          [minmay_the_grid_triangle_9x9_intruding_spiral,
          minmay_the_grid_triangle_9x9_empty,
          minmay_the_grid_triangle_9x9_corrupted_corridor,
          minmay_the_grid_triangle_9x9_cache,
          minmay_the_grid_triangle_9x9_warning,
          minmay_the_grid_triangle_9x9_subtriangle,
          minmay_the_grid_triangle_9x9_thin_v,
          minmay_the_grid_triangle_9x9_prize_insulated], layout_layer_cave,
          erik_lair_orcish_takeover, gauntlet_entry_generic, uniq_sonja
D:12:     layout_loops_ring, serial_shops, nicolae_diamond_shop, grunt_livestock
Gauntlet: minmay_gauntlet_77_tree [minmay_gauntlet_arena_77_double_cross,
          minmay_gauntlet_arena_77_shame_cube,
          minmay_gauntlet_arena_77_p_blocks, minmay_gauntlet_arena_77_path,
          minmay_gauntlet_arena_77_tiled_triplets, minmay_gauntlet_arena_77_fan,
          minmay_gauntlet_arena_77_two_lines, dreamdust_gauntlet_exit_labyrinth]

Skill      XL: |  1  2  3  4  5  6  7  8  9 10 11 |
---------------+----------------------------------+-----
Stealth        | 3 4 5 6 |  6.3
Fire Magic     | 4 5 6 7 8 |  8.5
Spellcasting   | 3 4 5 6 8 9 |  9.1
Conjurations   | 2 3 5 7 8 |  8.1
Fighting       | 2 |  2.3
Air Magic      | 1 2 4 |  4.1
Translocations | 1 3 |  3.9
Maces & Flails | 1 |  1.7
Dodging        | 3 |  3.6
Shields        | 1 |  1.4
Poison Magic   | 1 3 |  3.5
Summonings     | 2 |  2.8
Hexes          | 1 |  1.8
Short Blades   | |  0.7
Staves         | |  0.6

Action                   |  1- 3 |  4- 6 |  7- 9 | 10-12 || total
-------------------------+-------+-------+-------+-------++-------
Melee: Dagger            |    19 |    28 |    13 |     3 ||    63
       Tentacles         |     5 |     1 |    13 |     5 ||    24
       Constrict         |     3 |     8 |    17 |     8 ||    36
       Unarmed           |     1 |       |       |       ||     1
       Flail             |       |    17 |     4 |       ||    21
       Mace              |       |       |    10 |     7 ||    17
       Staff             |       |       |    40 |     7 ||    47
       Punch             |       |       |     1 |       ||     1
Throw: Throwing net      |       |       |     1 |       ||     1
 Cast: Foxfire           |    58 |    44 |   168 |   241 ||   511
       Scorch            |       |     9 |    32 |    32 ||    73
       Inner Flame       |       |     1 |     3 |    23 ||    27
       Flame Wave        |       |       |     3 |     7 ||    10
       Mephitic Cloud    |       |       |     2 |     8 ||    10
       Summon Guardian G |       |       |       |     5 ||     5
       Kindle Blastspark |       |       |       |     3 ||     3
       Blink             |       |       |       |     2 ||     2
Evoke: Wand              |       |       |       |     1 ||     1
  Use: Scroll            |       |     8 |     4 |     7 ||    19
       Potion            |       |     4 |     2 |     4 ||    10
 Stab: Sleeping          |     7 |    13 |     3 |       ||    23
       Confused          |       |       |       |     1 ||     1
Armor: Skin              |     7 |    22 |    24 |     5 ||    58
Dodge: Dodged            |    19 |     7 |    76 |    43 ||   145
Block: Other             |       |       |    14 |    22 ||    36
       Reflection        |       |       |     1 |     6 ||     7

Table legend: (Time is in decaauts)
 A = Elapsed time spent in this place.
 B = Non-inter-level travel time spent in this place.
 C = Inter-level travel time spent in this place.
 D = Time resting spent in this place.
 E = Time spent auto-exploring this place.
 F = Levels seen in this place.
 G = Mean time per level.
                   A        B        C        D        E       F      G
               +--------+--------+--------+--------+--------+-----+--------+
         Total |  10075 |   9976 |     99 |   1026 |   4977 |  14 |  719.6 |
       Dungeon |   7239 |   7140 |     99 |    391 |   3887 |  11 |  658.1 |
         Sewer |    153 |    153 |      0 |      0 |     83 |   1 |  153.0 |
        Bailey |   1722 |   1722 |      0 |    462 |    703 |   1 | 1722.0 |
      Gauntlet |    959 |    959 |      0 |    173 |    304 |   1 |  959.0 |
               +--------+--------+--------+--------+--------+-----+--------+

Top non-repeatable levels by time:
  Bailey: 1722 daAuts
     D:6: 1195 daAuts
     D:1: 1042 daAuts
Gauntlet: 959 daAuts
     D:4: 945 daAuts
     D:8: 841 daAuts
     D:5: 722 daAuts
     D:9: 675 daAuts
     D:7: 592 daAuts
     D:2: 567 daAuts
     D:3: 551 daAuts
   Sewer: 153 daAuts
    D:12: 87 daAuts
    D:11: 18 daAuts
